 Dungeon Crawl Stone Soup version 0.31-a0-221-gbddc013574 (webtiles) character file.

Game seed: 10120185172988271361

30 qw the Shooter (level 3, 0/21 HPs)
             Began as a Gargoyle Hexslinger on July 4, 2023.
             Slain by a goblin
             ... wielding a +0 dagger
             ... led by Robin
              (2 damage)
             ... on level 2 of the Dungeon.
             The game lasted 00:00:22 (590 turns).

qw the Shooter (Gargoyle Hexslinger)                 Turns: 590, Time: 00:00:23

Health: 0/21       AC:  7    Str: 14    XL:     3   Next: 18%
Magic:  4/4        EV: 12    Int: 13    God:
Gold:   638        SH:  0    Dex: 14    Spells: 3/4 levels left

rFire   . . .        g - +6 hand crossbow (drain)
rCold   . . .        (no shield)
rNeg    + . .        c - +0 robe
rPois   inf          (no helmet)
rElec   +            (no cloak)
rCorr   .            a - +1 pair of gloves {Str+3}
SInv    +            (no boots)
Will    .....        (no amulet)
Stlth   +            f - ring of see invisible
HPRegen 0.23/turn    (no ring)
MPRegen 0.09/turn

%: no passive effects
@: no status effects
A: sickness immunity, AC +3, negative energy resistance 1, electricity
resistance, torment resistance 1, petrification resistance
a: no special abilities


You were on level 2 of the Dungeon.
You visited 1 branch of the dungeon, and saw 2 of its levels.

You collected 638 gold pieces.


Innate Abilities, Weirdness & Mutations

You are immune to sickness and miasma.
Your stone body is resilient. (AC +3)
You are immune to poison.
You resist negative energy. (rN+)
You are resistant to electric shocks. (rElec)
You are resistant to unholy torment.
You are immune to petrification.


   Skills:
 - Level 2.0 Fighting
 + Level 3.2 Ranged Weapons
 - Level 1.5 Dodging
 - Level 1.0 Spellcasting
 - Level 2.6 Hexes


You had 3 spell levels left.
You knew the following spells:

 Your Spells              Type           Power      Damage    Failure   Level
a - Slow                  Hex            28%        N/A       10%         1

Your spell library contained the following spells:

 Spells                   Type           Power      Damage    Failure   Level
 Inner Flame              Hex/Fire       4%         N/A       43%         3
 Portal Projectile        Hex/Tloc       8%         N/A       43%         3
 Cause Fear               Hex            3%         N/A       67%         4

Inventory:

Hand Weapons
 g - a +6 hand crossbow of draining (weapon)
Armour
 a - a +1 pair of gloves of strength (worn)
 c - a +0 robe (worn)
Jewellery
 f - a ring of see invisible (left hand)
Potions
 d - 2 potions of heal wounds {unknown}
 e - a potion of enlightenment {unknown}

Dungeon Overview and Level Annotations

Branches:
Dungeon (2/15)

Altars:

Annotations:
D:2 Robin


Message History

Robin roars a battlecry!
The goblins go into a battle-frenzy!
You shoot a bolt. The bolt barely misses the goblin.
The goblin barely misses you.
A goblin comes into view. It is wielding a +0 dagger.
You shoot a bolt. The bolt misses the goblin.
The goblin misses you. The goblin barely misses you.
The goblin hits you but does no damage. x2; The goblin closely misses you.
The goblin hits you with a +0 dagger.
You shoot a bolt. The bolt barely misses the goblin.
The goblin hits you with a +0 dagger. The goblin completely misses you.
The goblin barely misses you.
A goblin comes into view. It is wielding a +0 dagger.
The goblin hits you with a +0 dagger. The goblin hits you with a +0 club.
The goblin misses you.
Robin's horned helmet rattles.
A frilled lizard comes into view.
You shoot a bolt. The bolt closely misses the goblin.
The goblin shouts!
The goblin hits you but does no damage. The goblin misses you.
The goblin hits you but does no damage. x2; The goblin barely misses you. x2
You shoot a bolt. The bolt hits the goblin!!
You kill the goblin!
The goblin hits you but does no damage. x2
You shoot a bolt. The bolt closely misses the goblin.
The goblin barely misses you. The goblin hits you with a +0 dagger.
The goblin hits you but does no damage. The goblin closely misses you.
Robin throws the goblin at you!
You shoot a bolt. The bolt hits the goblin!
You kill the goblin!
The hobgoblin no longer looks unusually strong.
The goblin closely misses you. The goblin barely misses you.
The goblin hits you with a +0 club. The goblin hits you with a +0 dagger.
You shoot a bolt. The bolt hits the goblin!!
You kill the goblin!
The goblin no longer looks unusually strong.
Robin roars a battlecry!
The goblins go into a battle-frenzy!
The goblin barely misses you. The goblin hits you with a +0 dagger.
You die...

####### ......######
#..........#########.#
#.###.####.....g@g...#
##.##########g###.#
#.>.....# g#g.
#..####.# #g g... #..#
#) ##### ####..## #.
......^# #. ###.....#
.. #.......#


You could see Robin, a hobgoblin (strong) and 5 goblins.

Vanquished Creatures
  2 dart slugs (D:1)
  2 endoplasms (D:1)
  7 goblins
  4 hobgoblins
  2 ball pythons
  A bat (D:1)
  2 frilled lizards (D:1)
  2 kobolds (D:1)
  5 rats
27 creatures vanquished.

Notes
Turn   | Place    | Note
-------+----------+-------------------------------------------
     0 | D:1      | qw the Gargoyle Hexslinger began the quest for the Orb.
     0 | D:1      | Reached XP level 1. HP: 12/12 MP: 2/2
     0 | D:1      | 0 ||| qw: Version: 0.3-a-41-g9d075ac
     0 | D:1      | 0 ||| qw: Game counter: 708
     0 | D:1      | 0 ||| qw: Melee chars always use a shield: true
     0 | D:1      | 0 ||| qw: God list: Okawaru
     0 | D:1      | 0 ||| qw: Allow faded altars: false
     0 | D:1      | 0 ||| qw: Do Orc after clearing Dungeon:15 true
     0 | D:1      | 0 ||| qw: Do second Lair branch before Depths: true
     0 | D:1      | 0 ||| qw: Lair rune preference: random
     0 | D:1      | 0 ||| qw: Goals: Normal
     0 | D:1      | 0 ||| PLANNING D:1-11
    48 | D:1      | 48 ||| FLEEEEING.
    49 | D:1      | 49 ||| FLEEEEING.
    50 | D:1      | 50 ||| FLEEEEING.
    51 | D:1      | 51 ||| FLEEEEING.
    52 | D:1      | 52 ||| FLEEEEING.
    53 | D:1      | 53 ||| FLEEEEING.
    54 | D:1      | 54 ||| FLEEEEING.
    55 | D:1      | 55 ||| FLEEEEING.
    72 | D:1      | Reached XP level 2. HP: 16/16 MP: 3/3
    73 | D:1      | 73 ||| FLEEEEING.
    74 | D:1      | 74 ||| FLEEEEING.
    75 | D:1      | 75 ||| FLEEEEING.
    76 | D:1      | 76 ||| FLEEEEING.
    77 | D:1      | 77 ||| FLEEEEING.
    78 | D:1      | 78 ||| FLEEEEING.
    79 | D:1      | 79 ||| FLEEEEING.
   126 | D:1      | Reached skill level 3 in Ranged Weapons
   126 | D:1      | 126 ||| FLEEEEING.
   127 | D:1      | 127 ||| FLEEEEING.
   128 | D:1      | 128 ||| FLEEEEING.
   486 | D:1      | 486 ||| UPGRADING to ring of see invisible.
   487 | D:1      | 487 ||| READING scroll labelled GOOKKO DALE.
   488 | D:1      | 488 ||| READING scroll labelled AMOTRA ACEIPTU.
   489 | D:1      | 489 ||| READING 3 scrolls labelled BUSSOESASE.
   489 | D:1      | Identified 3 scrolls of acquirement
   489 | D:1      | 489 ||| ACQUIRING +1 pair of gloves of strength
   489 | D:1      | Acquired a +1 pair of gloves of strength
   491 | D:1      | 491 ||| UPGRADING to +1 pair of gloves of strength.
   496 | D:1      | 496 ||| READING 2 scrolls of acquirement.
   496 | D:1      | 496 ||| ACQUIRING +6 hand crossbow of draining
   496 | D:1      | Acquired a +6 hand crossbow of draining
   498 | D:1      | 498 ||| SWAPPING to +6 hand crossbow of draining.
   499 | D:1      | 499 ||| DROPPING +1 sling.
   500 | D:1      | 500 ||| READING scroll of acquirement.
   500 | D:1      | 500 ||| ACQUIRING 525 gold pieces
   500 | D:1      | Acquired 525 gold pieces
   502 | D:1      | 502 ||| DROPPING scroll of poison.
   508 | D:2      | Reached XP level 3. HP: 21/21 MP: 4/4
   579 | D:2      | Noticed Robin
   589 | D:2      | HP: 4/21 [goblin/+0 club[Robin] (4)]
   590 | D:2      | Slain by a goblin

Levels and vault maps discovered:
D:1:      wander_arrival_estate, layout_rooms
D:2:      layout_loops_ring, basic_altar,
          dreamdust_ecumenical_altar_angels_and_demons, uniq_terence,
          uniq_robin, uniq_crazy_yiuf_cottage

Skill      XL: |  1  2  3 |
---------------+----------+-----
Ranged Weapons | 3 |  3.2
Fighting       | 2 |  2.0
Dodging        | |  1.5
Spellcasting   | |  1.0
Hexes          | |  2.6

Action                     || total
---------------------------++-------
   Fire: Sling             ||    66
         Hand crossbow     ||    16
    Use: Scroll            ||     5
 Armour: Robe              ||    23
  Dodge: Dodged            ||    29

Table legend:
 A = Non-vault XP
 B = Vault XP
 C = Vault XP percentage of total XP
 D = Non-vault monster count
 E = Vault monster count
 F = Vault count percentage of total count
                 A         B        C        D         E       F
            +---------+---------+-------+---------+---------+-------
      Total |      38 |       7 |  15.6 |      23 |       4 |  14.8
            +---------+---------+-------+---------+---------+-------
        D:1 |      33 |       0 |   0.0 |      19 |       0 |   0.0
        D:2 |       5 |       7 |  58.3 |       4 |       4 |  50.0
            +---------+---------+-------+---------+---------+-------
